 Dungeon Crawl Stone Soup version 0.31.0-11-ge490571c62 (webtiles) character file.

Game seed: 11289211628071208877

4393 SmokeWeed the Skirmisher (level 10, 0/90 HPs)
             Began as a Minotaur Hunter on Feb 3, 2024.
             Slain by a vampire (5 damage)
             ... on level 8 of the Dungeon.
             The game lasted 00:13:37 (5687 turns).

SmokeWeed the Skirmisher (Minotaur Hunter)          Turns: 5687, Time: 00:13:37

Health: 0/90       AC: 11    Str: 16    XL:     10   Next: 13%
Magic:  9/9        EV: 14    Int: 12    God:
Gold:   603        SH:  0    Dex: 24    Spells: 6/9 levels left

rFire   + . .        a - +2 shortbow (freeze)
rCold   . . .        (shield currently unavailable)
rNeg    . . .        s - +3 ring mail {rF+}
rPois   .            (helmet restricted)
rElec   .            (no cloak)
rCorr   .            x - +0 pair of gloves
SInv    .            h - +0 pair of boots
Will    .....        A - amulet of regeneration Stlth
                     q - +6 ring of dexterity
HPRegen 1.15/turn    y - +6 ring of intelligence
MPRegen 0.11/turn

%: no passive effects
@: confused
A: horns 2, retaliatory headbutt
a: no special abilities


You were on level 8 of the Dungeon.
You visited 2 branches of the dungeon, and saw 9 of its levels.

You collected 603 gold pieces.

Inventory:

Hand Weapons
 a - a +2 shortbow of freezing (weapon)
Missiles
 p - 13 poisoned darts
Armour
 c - a +1 leather armour
 h - a +0 pair of boots (worn)
 s - a +3 ring mail of fire resistance (worn)
 x - a +0 pair of gloves (worn)
 E - +0 steam dragon scales
Magical Staves
 o - a staff of air
Jewellery
 e - an amulet of magic regeneration
 q - a +6 ring of dexterity (left hand)
 v - an amulet of the acrobat
 y - a +6 ring of intelligence (right hand)
 z - a ring of positive energy
 A - an amulet of regeneration (around neck)
Wands
 t - a wand of light (13) (quivered)
 H - a wand of charming (10)
Scrolls
 b - a scroll of butterflies
 m - a scroll of fear
 B - a scroll of enchant armour
 C - a scroll of vulnerability
 G - a scroll of identify
Potions
 d - 2 potions of might
 f - a potion of attraction
 g - 2 potions of heal wounds
 i - 3 potions of degeneration
 k - 2 potions of brilliance
 l - 2 potions of curing
 n - 2 potions of mutation {unknown}
 r - 2 potions of enlightenment
 u - a potion of lignification {unknown}
 w - 2 potions of berserk rage
 D - a potion of haste {unknown}
 F - a potion of invisibility {unknown}


   Skills:
 + Level 8.7 Fighting
 + Level 13.1 Ranged Weapons
 + Level 5.5 Armour
 + Level 4.4 Dodging
 + Level 1.5 Stealth
 + Level 0.3 Evocations


You had 6 spell levels left.
You knew the following spells:

 Your Spells              Type           Power      Damage    Failure   Level
a - Mephitic Cloud        Conj/Alch/Air  0%         N/A       87%         3

Your spell library contained the following spells:

 Spells                   Type           Power      Damage    Failure   Level
 Kiss of Death            Conj/Necr      0%         2d5       52%         1
 Magic Dart               Conj           0%         1d3       52%         1
 Shock                    Conj/Air       0%         1d3       52%         1
 Cigotuvi's Dreadful Rot  Necr/Alch/Air  0%         N/A       65%         2
 Mercury Vapours          Alch/Air       0%         N/A       65%         2
 Searing Ray              Conj           0%         2d4       65%         2
 Confusing Touch          Hex            0%         N/A       87%         3
 Gell's Gravitas          Tloc           0%         N/A       87%         3
 Swiftness                Air            0%         N/A       87%         3
 Teleport Other           Tloc           0%         N/A       87%         3
 Airstrike                Air            0%         2d(0-16)  99%         4
 Anguish                  Hex/Necr       0%         N/A       99%         4
 Cause Fear               Hex            0%         N/A       99%         4
 Dispel Undead            Necr           0%         3d6       99%         4
 Fulminant Prism          Conj/Alch      0%         3d5       99%         4
 Ignite Poison            Fire/Alch      0%         N/A       99%         4
 Freezing Cloud           Conj/Ice/Air   0%         6-21      100%        5
 Dispersal                Tloc           0%         N/A       100%        6
 Enfeeble                 Hex            0%         N/A       100%        7


Dungeon Overview and Level Annotations

Branches:
Dungeon (8/15)             Temple (1/1) D:6
   Lair: D:8-11

Altars:
Ashenzari
Cheibriados
Elyvilon
Fedhas
Gozag
Hepliaklqana
Kikubaaqudgha
Makhleb
Okawaru
Qazlal
Ru
Sif Muna
Trog
Uskayaw
Vehumet
Wu Jian
Xom
Yredelemnul
Zin
The Shining One

Shops:
D:2 (   D:4 (   D:5 *

Annotations:
D:7 1 runed translucent door, Greth's ghost, novice GnSh
Temple 4 transporters


Innate Abilities, Weirdness & Mutations

You have a pair of horns on your head.
You reflexively headbutt those who attack you in melee.


Message History

Deactivating autopickup; reactivate with Ctrl-A.
There is a stone staircase leading up, spattered with blood here.
You shoot an arrow. You shoot an arrow. Something hits you.
Something bites you!
Something draws strength from your injuries!
You shoot an arrow. Something hits you! Something bites you.
Something draws strength from your injuries!
You shoot an arrow. Something hits you but does no damage. Something bites you.
Something draws strength from your injuries!
You shoot an arrow. Something draws life force from you!
You shoot an arrow. Something hits you but does no damage.
Something bites you but does no damage.
You shoot an arrow. You shoot an arrow. Something hits you but does no damage.
Something bites you.
Something draws strength from your injuries!
You shoot an arrow.
You hear some strange, mumbled words.
You are confused.
You closely miss something.
You hear some strange, mumbled words.
You are more confused.
Something hits you! Something bites you but does no damage.
You miss something. Something draws life force from you.
You clumsily bash something but do no damage.
Something draws life force from you! Something hits you!
* * * LOW HITPOINT WARNING * * *
Something bites you.
* * * LOW HITPOINT WARNING * * *
Something draws strength from your injuries!
Something hits you but does no damage. Something bites you.
* * * LOW HITPOINT WARNING * * *
Something draws strength from your injuries!
You see here a yak skeleton.
You closely miss something. Something hits you!
* * * LOW HITPOINT WARNING * * *
Something bites you!
* * * LOW HITPOINT WARNING * * *
Something draws strength from your injuries!
You bump into the rock wall.
Something hits you.
You die...

### ### ###.# ##.########
##...## # #.@#...##.# #.....#
.# ##. #><.[.....###....##
..###..# ##.............#...
##......####.#.....#...###...
............#...###....#...J
.................##...##....
#....#......##......##....
#....#..........#........#
##.............####.......


There were no monsters in sight!

Vanquished Creatures
  A hydra (D:8)
  Sigmund (D:2)
  3 yaks
  A wyvern (D:8)
  3 steam dragons
  4 water moccasins
  5 sky beasts
  A kobold brigand (D:8)
  A phantom (D:6)
  2 bullfrogs (D:6)
  6 scorpions
  A wight (D:8)
  5 killer bees (D:8)
  3 howler monkeys (D:8)
  3 hounds
  4 orc priests
  3 jellies
  Jessica (D:2)
  Natasha (twice) (D:3)
  An iguana (D:6)
  2 orc wizards (D:8)
  Robin (D:3)
  3 gnolls (D:2)
  6 adders
  A river rat (D:3)
  5 white imps
  2 ufetubi (D:6)
  5 dart slugs
  2 ribbon worms
  27 orcs
  7 endoplasms
  4 giant cockroaches
  19 goblins
  10 hobgoblins
  6 jackals
  14 kobolds
  6 quokkas
  3 ball pythons
  4 bats
  6 frilled lizards
  5 rats
189 creatures vanquished.

Vanquished Creatures (others)
  A sky beast (D:7)
1 creature vanquished.

Grand Total: 190 creatures vanquished

Notes
Turn   | Place    | Note
-------+----------+-------------------------------------------
     0 | D:1      | SmokeWeed the Minotaur Hunter began the quest for the Orb.
     0 | D:1      | Reached XP level 1. HP: 18/18 MP: 0/0
   179 | D:1      | Reached XP level 2. HP: 25/25 MP: 1/1
   378 | D:1      | Reached skill level 5 in Ranged Weapons
   566 | D:1      | Reached XP level 3. HP: 29/30 MP: 2/2
   743 | D:2      | Found Etull's Antique Weapon Shoppe.
   786 | D:2      | Reached XP level 4. HP: 15/37 MP: 3/3
   811 | D:2      | Reached skill level 6 in Ranged Weapons
   900 | D:2      | Found a faded altar of an unknown god.
   914 | D:2      | Learned a level 3 spell: Mephitic Cloud
   939 | D:2      | Noticed Sigmund
   959 | D:2      | Killed Sigmund
   960 | D:2      | Reached skill level 7 in Ranged Weapons
   960 | D:2      | Reached skill level 1 in Armour
   960 | D:2      | Reached skill level 1 in Stealth
   960 | D:2      | Reached XP level 5. HP: 17/45 MP: 4/4
  1128 | D:2      | Noticed Jessica
  1131 | D:2      | Killed Jessica
  1132 | D:2      | Reached XP level 6. HP: 49/51 MP: 5/5
  1645 | D:3      | Noticed Robin
  1794 | D:3      | Killed Robin
  1797 | D:3      | Noticed Natasha
  1799 | D:3      | Killed Natasha
  2158 | D:3      | Noticed Natasha
  2159 | D:3      | Killed Natasha
  2323 | D:3      | Found an ornate altar of the Wu Jian Council.
  2800 | D:4      | Found Nuforoiss's Weapon Shop.
  3267 | D:4      | Found a hazy altar of Hepliaklqana.
  3289 | D:5      | Entered Level 5 of the Dungeon
  3311 | D:5      | Reached skill level 8 in Ranged Weapons
  3311 | D:5      | Reached XP level 7. HP: 58/58 MP: 6/6
  3340 | D:5      | Found Paicweda's General Store.
  3541 | D:5      | Reached skill level 9 in Ranged Weapons
  4093 | D:6      | Reached skill level 5 in Fighting
  4093 | D:6      | Reached XP level 8. HP: 65/68 MP: 7/7
  4344 | D:6      | Found a staircase to the Ecumenical Temple.
  4350 | Temple   | Found a transporter.
  4350 | Temple   | Found a transporter.
  4350 | Temple   | Found a transporter.
  4350 | Temple   | Found a transporter.
  4350 | Temple   | Entered the Ecumenical Temple
  4427 | D:6      | Reached skill level 10 in Ranged Weapons
  4701 | D:7      | Found a runed translucent door.
  4703 | D:7      | Found a shimmering altar of Xom.
  4703 | D:7      | Noticed Greth's ghost (novice GnSh)
  4705 | D:7      | Noticed a +2 whip of chaos
  4775 | D:7      | Reached skill level 11 in Ranged Weapons
  4781 | D:7      | Reached XP level 9. HP: 61/78 MP: 8/8
  5439 | D:7      | Reached skill level 12 in Ranged Weapons
  5446 | D:8      | Reached skill level 5 in Armour
  5519 | D:8      | Found a snail-covered altar of Cheibriados.
  5523 | D:8      | Found a glowing silver altar of Zin.
  5593 | D:8      | Noticed a five-headed hydra
  5607 | D:8      | Killed a five-headed hydra
  5608 | D:8      | Reached skill level 13 in Ranged Weapons
  5608 | D:8      | Reached XP level 10. HP: 39/90 MP: 9/9
  5686 | D:8      | HP: 4/90 [something (10)]
  5687 | D:8      | Slain by a vampire

Illustrated notes

Levels and vault maps discovered:
D:1:      shiori_shiawase, layout_loops_cross, minivault_24
D:2:      layout_rooms, serial_shops, nicolae_shop_overgrown_old_shop,
          shapermc_ecumenical_altar_acropolis, serial_bayou_pond_e,
          chequers_serial_rivers_small_3, corexii_corridor_pit,
          nicolae_eternal_life, minmay_crystal_water, due_unseen_surprise,
          uniq_sigmund, uniq_crazy_yiuf_cottage, uniq_jessica
D:3:      layout_rooms, marbit_many_paths, gup_sewer_entry_bowl,
          minmay_misc_feat_more_columns, serial_park_tiny_2, uniq_natasha,
          uniq_robin
D:4:      layout_layer_cave, lemuel_tele_altar, serial_shops, shop
D:5:      layout_loops_cross, minmay_gold_behind_fungi, minmay_shop_grid_forest,
          chequers_jeans
D:6:      layout_cave_pools, minmay_temple_entry_fiery
D:7:      layout_cave_pools, ebering_ghost_xom, hangedman_misty_isle
D:8:      minmay_diamond_stairs, layout_cave_pools, nemelex_spade_bored_becter,
          nicolae_overflow_macrodata_refinement
Temple:   hellmonk_temple_divided_pantheon

Skill      XL: |  1  2  3  4  5  6  7  8  9 |
---------------+----------------------------+-----
Ranged Weapons | 5 7 8 9 11 13 | 13.1
Fighting       | 3 5 6 8 |  8.7
Armour         | 1 2 3 4 5 |  5.5
Stealth        | 1 |  1.5
Dodging        | 3 4 |  4.4
Evocations     | |  0.3

Action                     |  1- 3 |  4- 6 |  7- 9 | 10-12 || total
---------------------------+-------+-------+-------+-------++-------
  Melee: Shortbow          |       |       |       |     4 ||     4
   Fire: Shortbow          |    85 |   191 |   256 |     9 ||   541
  Evoke: Wand              |       |       |     5 |       ||     5
    Use: Scroll            |     3 |    10 |     4 |     1 ||    18
         Potion            |     1 |       |       |       ||     1
 Armour: Leather armour    |    17 |    48 |       |       ||    65
         Ring mail         |       |    14 |    92 |    23 ||   129
  Dodge: Dodged            |    18 |    51 |    96 |       ||   165
